 Dungeon Crawl Stone Soup version 0.24-a0-762-gca426f56c8 (webtiles) character file.

Game seed: 4753242011929541063, levelgen mode: deterministic

1621 Arixos the Sneak (level 8, -3/37 HPs)
             Began as a Felid Transmuter on Oct 2, 2019.
             Was a Follower of Sif Muna.
             Shot with an arrow by a centaur (13 damage)
             ... while paralysed by a centaur
             ... on level 8 of the Dungeon on Oct 3, 2019.
             The game lasted 00:58:49 (12267 turns).

Arixos the Sneak (Felid Transmuter)                Turns: 12267, Time: 00:58:50

Health: -3/37      AC:  2    Str:  9    XL:     8   Next: 64%
Magic:  14/17      EV:  5    Int: 14    God:    Sif Muna [*.....]
Gold:   408        SH:  0    Dex: 22    Spells: 5/18 levels left
                                        Lives:  0   Deaths: 2

rFire    . . .     SeeInvis +     - Unarmed
rCold    . . .     Gourm    .   (shield unavailable)
rNeg     . . .     Faith    .   (armour unavailable)
rPois    x         Spirit   .   (helmet unavailable)
rElec    .         Reflect  .   (cloak unavailable)
rCorr    .         Harm     .   (gloves unavailable)
MR       +....                  (boots unavailable)
Stlth    ++++......             (no amulet)
HPRegen  0.12/turn              (no ring)
MPRegen  0.15/turn              (no ring)

@: paralysed, spider-form
A: tiny, no armour, no weapons or thrown items, stealth, see invisible,
carnivore, slow metabolism 1
a: End Transformation, Channel Magic, Renounce Religion


You were on level 8 of the Dungeon.
You worshipped Sif Muna.
Sif Muna was aware of your devotion.
You were full.
You were a venomous arachnid creature.
You visited 2 branches of the dungeon, and saw 9 of its levels.
You also visited: Sewer.

You collected 408 gold pieces.

Inventory:

Missiles
 a - 153 arrows
Wands
 b - a wand of clouds (2)
 g - a wand of flame (23)
 k - a wand of digging (5)
 o - a wand of random effects (18)
Scrolls
 d - 5 scrolls of amnesia {unknown}
 l - 4 scrolls of teleportation
 n - a scroll of enchant weapon {unknown}
 p - a scroll of blinking
 q - a scroll of brand weapon {unknown}
Potions
 e - 2 potions of brilliance {unknown}
 f - 3 potions of heal wounds {unknown}
 h - 5 potions of curing {unknown}
 i - 4 potions of flight
 j - a potion of might {unknown}
 m - a potion of berserk rage {unknown}
 r - a potion of agility
 s - a potion of invisibility
Comestibles
 c - 18 rations


   Skills:
 + Level 5.2 Fighting
 + Level 7.4 Dodging
 + Level 7.9 Stealth
 + Level 6.5 Unarmed Combat
 + Level 5.5 Spellcasting
 + Level 0.2 Conjurations
 + Level 0.5 Translocations
 + Level 6.2 Transmutations
 - Level 2.1 Ice Magic
 + Level 0.2 Air Magic
 - Level 2.0 Poison Magic


You had 5 spell levels left.
You knew the following spells:

 Your Spells              Type           Power        Failure   Level  Hunger
a - Beastly Appendage     Tmut           ###...       6%          1    None
e - Blink                 Tloc           N/A          41%         2    ##.....
f - Mephitic Cloud        Conj/Pois/Air  #.......     56%         3    ###....
i - Ice Form              Ice/Tmut       ###.....     52%         4    ####...
s - Spider Form           Tmut/Pois      ###.......   22%         3    ###....

Your spell library contained the following spells:

 Spells                   Type           Power        Failure   Level  Hunger
 Sticks to Snakes         Tmut           ###.....     8%          2    ##.....
 Magic Dart               Conj           #...         34%         1    None
 Call Imp                 Summ           #.......     47%         2    ##.....
 Slow                     Hex            #.......     47%         2    ##.....
 Blade Hands              Tmut           ###.......   56%         5    ######.
 Conjure Flame            Conj/Fire      #.......     65%         3    ###....


Dungeon Overview and Level Annotations

Branches:
Dungeon (8/15)             Temple (1/1) D:6           Sewer (visited)
   Lair: D:8-11

Altars:
Ashenzari
Cheibriados
Dithmenos
Elyvilon
Fedhas
Gozag
Hepliaklqana
Kikubaaqudgha
Makhleb
Nemelex Xobeh
Qazlal
Ru
Sif Muna
Trog
Uskayaw
Vehumet
Wu Jian
Yredelemnul
Zin
The Shining One
Beogh

Annotations:
D:7 3 runed translucent doors, Friendofdean's ghost, novice DEFE


Innate Abilities, Weirdness & Mutations

You cannot wear armour.
You are incapable of wielding weapons or throwing items.
Your paws allow you to move quietly. (Stealth)
((You have sharp claws.))
((You have razor-sharp teeth.))
You have supernaturally acute eyesight. (SInv)
You are carnivorous and can eat meat at any time.
((You cover ground quickly.))
((You are covered in thick fur. (AC +2)))
You have a slow metabolism.
((Your sharp claws are effective at attacking unaware monsters.))


Message History

You start resting.
Your transformation is almost over.
You start resting.
Your transformation has ended.
You start resting.
Magic restored.
You start resting.
The centaur is too close now for your liking.
Casting: Spider Form (safe; 9% risk of failure)
Confirm with . or Enter, or press ? or * to list all spells.
You turn into a venomous arachnid creature.
The centaur shouts!
The centaur shoots an arrow.
The arrow completely misses you.
The centaur zaps a wand.
You suddenly lose the ability to move!
The centaur zaps a wand.
You resist with almost no effort.
The centaur shoots an arrow.
The arrow hits you!!
The centaur shoots an arrow.
The arrow barely misses you.
The centaur shoots an arrow.
The arrow hits you!
* * * LOW HITPOINT WARNING * * *
The centaur shoots an arrow.
The arrow hits you!
You die...

..............## ##.
#.##..####......#
...##.##.# ###...##
#../.#..# #....##
##......# ###.....## #
##.......# ##........###
........(###.......#..#.
.............#...####รท..
.......s###..#...# ##..
........# #..(..## #..
........# ##....# #..
....!..## ##...# ..#
....... #....# #..#
......c .....# ..##
....... .##.....# #..####


You could see a centaur.

Vanquished Creatures
  Pikel (D:5)
  A spriggan (D:7)
  An ice beast (D:6)
  2 sky beasts
  2 slaves (D:6)
  2 phantoms
  3 ogres
  A necrophage (D:6)
  4 centaurs
  A big kobold (D:6)
  2 bullfrogs
  2 scorpions (D:4)
  10 wights (D:6)
  4 howler monkeys
  A centaur zombie (D:7)
  A crimson imp (D:5)
  2 quasits (D:6)
  4 hounds
  A jelly (D:5)
  2 orc priests (D:7)
  2 orc wizards
  Terence (D:2)
  4 iguanas
  4 worker ants (D:4)
  A hound skeleton (D:7)
  A howler monkey zombie (D:6)
  4 gnolls
  A worker ant zombie (D:6)
  6 adders
  A river rat (D:4)
  3 shadow imps
  2 oozes (Sewer)
  An adder zombie (D:7)
  An adder skeleton (D:5)
  5 worms
  2 dart slugs
  9 leopard geckos
  11 orcs
  8 giant cockroaches
  7 hobgoblins
  11 jackals
  6 kobolds
  2 quokkas
  3 ball pythons
  14 bats
  4 frilled lizards
  10 goblins
  A leopard gecko zombie (D:5)
  A quokka skeleton (D:6)
  A quokka zombie (D:5)
  7 rats
181 creatures vanquished.

Vanquished Creatures (others)
  A centaur (D:6)
1 creature vanquished.

Grand Total: 182 creatures vanquished

Notes
Turn   | Place    | Note
-------+----------+-------------------------------------------
     0 | D:1      | Arixos the Felid Transmuter began the quest for the Orb.
     0 | D:1      | Reached XP level 1. HP: 9/9 MP: 4/4
    82 | D:1      | Reached skill level 1 in Stealth
   119 | D:1      | Reached XP level 2. HP: 2/12 MP: 6/6
  1277 | D:1      | Reached XP level 3. HP: 12/15 MP: 7/7
  1768 | D:2      | Learned a level 3 spell: Spider Form
  1847 | D:2      | Found a hazy altar of Hepliaklqana.
  1883 | D:2      | Noticed Terence
  2230 | D:2      | Killed Terence
  2230 | D:2      | Reached XP level 4. HP: 14/19 MP: 2/8
  2370 | D:2      | Found a stormy altar of Qazlal.
  2373 | D:2      | Found a blossoming altar of Fedhas.
  3365 | D:3      | Reached skill level 1 in Poison Magic
  3802 | D:3      | Reached XP level 5. HP: 22/22 MP: 5/9
  3808 | D:3      | Learned a level 4 spell: Ice Form
  3821 | D:3      | Noticed a phantom
  3846 | D:3      | Killed a phantom
  4122 | D:4      | Found a bloodstained altar of Trog.
  4122 | D:4      | Found a shattered altar of Ashenzari.
  4233 | D:4      | Gained mutation: You are covered in thick fur. (AC +2)
                  | [Felid growth]
  4233 | D:4      | Reached XP level 6. HP: 25/25 MP: 7/11
  4239 | D:4      | Reached skill level 1 in Ice Magic
  4686 | D:4      | Reached XP level 7. HP: 30/30 MP: 9/12
  4696 | D:4      | Found a glowing drain.
  4700 | Sewer    | Entered a sewer
  5694 | D:5      | Entered Level 5 of the Dungeon
  5994 | D:5      | Found a basalt altar of Yredelemnul.
  6446 | D:5      | Found a shimmering blue altar of Sif Muna.
  6451 | D:5      | Became a worshipper of Sif Muna the Loreminder
  6518 | D:5      | Found an ornate altar of the Wu Jian Council.
  6525 | D:5      | Shot with an arrow by a centaur
  6526 | D:5      | Reached XP level 6. HP: -7/27 MP: 10/12
  6560 | D:5      | Reached XP level 7. HP: 28/30 MP: 8/13
  6943 | D:6      | Reached skill level 5 in Dodging
  6943 | D:6      | Reached skill level 5 in Stealth
  7371 | D:6      | Reached skill level 5 in Unarmed Combat
  7697 | D:6      | Noticed Pikel
  7978 | D:5      | Killed Pikel
  7978 | D:5      | Reached XP level 8. HP: 12/36 MP: 12/15
  8582 | D:6      | Reached skill level 5 in Transmutations
  9248 | D:6      | Found a staircase to the Ecumenical Temple.
  9255 | Temple   | Entered the Ecumenical Temple
  9483 | D:6      | Reached XP level 9. HP: 25/39 MP: 14/17
  9921 | D:6      | Reached * piety under Sif Muna
  9921 | D:6      | Reached skill level 5 in Spellcasting
 10426 | D:6      | Found a burning altar of Makhleb.
 10577 | D:7      | HP: 1/39 [centaur/arrow (10)]
 11359 | D:7      | Found an ancient bone altar of Kikubaaqudgha.
 11369 | D:7      | Found a hide-covered altar of Uskayaw.
 11380 | D:7      | Reached skill level 5 in Fighting
 11585 | D:7      | Found a runed translucent gate.
 11585 | D:7      | Identified the +1 dire flail "Mufeudghimy" {drain, rElec}
 11586 | D:7      | Found a runed translucent gate.
 11587 | D:7      | Found a runed translucent gate.
 11587 | D:7      | Found a roughly hewn altar of Beogh.
 11587 | D:7      | Noticed Friendofdean's ghost (novice DEFE)
 11915 | D:7      | Learned a level 2 spell: Blink
 11919 | D:7      | Learned a level 3 spell: Mephitic Cloud
 12079 | D:8      | Mangled by a wyvern zombie
 12080 | D:8      | Reached XP level 8. HP: -7/37 MP: 13/17
 12263 | D:8      | Paralysed by a centaur for 6 turns
 12267 | D:8      | Shot with an arrow by a centaur

Levels and vault maps discovered:
D:1:      psy_arrival_heroes, layout_basic
D:2:      layout_basic, grunt_temple_overflow_forces_of_nature,
          lemuel_round_altar, first_ration, uniq_terence
D:3:      layout_rooms
D:4:      layout_rooms, chequers_temple_overflow_statue_of_worship,
          gup_sewer_entry_bowl
D:5:      layout_loops_ring, old_standard_altar, marbit_many_paths,
          old_standard_altar
D:6:      layout_loops_corners, makhleb_heckhound_becter,
          minmay_temple_entry_statues, minmay_divided_ellipse, uniq_pikel
D:7:      layout_basic, lemuel_doored_altar, kennysheep_little_box,
          biasface_ghost_orc_armoury, the_bakery
D:8:      layout_layer_cave, uniq_joseph
Temple:   dpeg_three_leaves_temple

Skill      XL: |  1  2  3  4  5  6  7  8  9 |
---------------+----------------------------+-----
Stealth        | 1 2 3 5 6 7 |  7.9
Dodging        | 3 4 5 6 7 |  7.4
Unarmed Combat | 4 5 6 |  6.5
Poison Magic   | 1 2 |  2.0
Transmutations | 3 4 5 6 |  6.2
Ice Magic      | 1 2 |  2.1
Fighting       | 2 3 4 5 |  5.2
Spellcasting   | 3 4 5 |  5.5
Conjurations   | |  0.2
Translocations | |  0.5
Air Magic      | |  0.2

Action                   |  1- 3 |  4- 6 |  7- 9 || total
-------------------------+-------+-------+-------++-------
Melee: Unarmed           |    92 |   101 |   409 ||   602
       Headbutt          |     9 |     1 |       ||    10
       Bite              |     4 |     1 |       ||     5
       Punch             |       |     1 |       ||     1
 Cast: Beastly Appendage |    14 |     3 |       ||    17
       Spider Form       |     3 |    17 |    59 ||    79
  Use: Scroll            |       |     2 |     9 ||    11
       Potion            |       |       |     9 ||     9
 Stab: Sleeping          |     4 |    10 |    22 ||    36
  Eat: Chunk             |     8 |     9 |    30 ||    47
Armor: Skin              |     1 |     4 |    23 ||    28
Dodge: Dodged            |    62 |    78 |   429 ||   569

Table legend:
 A = Non-vault XP
 B = Vault XP
 C = Vault XP percentage of total XP
 D = Non-vault monster count
 E = Vault monster count
 F = Vault count percentage of total count
                 A         B        C        D         E       F
            +---------+---------+-------+---------+---------+-------
      Total |    3406 |    1601 |  32.0 |     136 |      43 |  24.0
            +---------+---------+-------+---------+---------+-------
        D:1 |      46 |       0 |   0.0 |      27 |       0 |   0.0
        D:2 |      47 |      38 |  44.7 |      11 |       1 |   8.3
        D:3 |     190 |       0 |   0.0 |      15 |       0 |   0.0
        D:4 |     520 |      20 |   3.7 |      14 |       4 |  22.2
        D:5 |     490 |     665 |  57.6 |      18 |       2 |  10.0
        D:6 |    1190 |     604 |  33.7 |      26 |      11 |  29.7
        D:7 |     748 |     211 |  22.0 |      18 |       1 |   5.3
        D:8 |     175 |       0 |   0.0 |       7 |       0 |   0.0
      Sewer |       0 |      63 | 100.0 |       0 |      24 | 100.0
            +---------+---------+-------+---------+---------+-------
